 Dungeon Crawl Stone Soup version 0.31-a0-795-g5eb97db20b (webtiles) character file.

Game seed: 4365463920821340407

157 cforsyth the Trooper (level 5, 0/42 HPs)
             Began as a Djinni Delver on Sept 18, 2023.
             Slain by a scorpion (3 damage)
             ... on level 5 of the Dungeon.
             The game lasted 00:02:43 (537 turns).

cforsyth the Trooper (Djinni Delver)                 Turns: 537, Time: 00:02:43

Health: 0/42       AC:  4    Str: 11    XL:     5   Next: 66%
Gold:   102        EV: 12    Int: 13    God:
                   SH:  0    Dex: 15

rFire   + + .        a - +0 falchion
rCold   x . .        (no shield)
rNeg    . . .        b - +0 leather armour
rPois   ∞            h - +0 helmet
rElec   .            (no cloak)
rCorr   .            (no gloves)
SInv    .            (boots unavailable)
Will    .....        (no amulet)
Stlth   ++           (no ring)
HPRegen 0.27/turn    (no ring)
MPRegen 0.00/turn

%: infuse magic (-1 HP)
@: flying
A: sickness immunity, fire resistance 2, cold vulnerability 1, float, innate
caster, HP casting, extra vitality 1
a: no special abilities


You were on level 5 of the Dungeon.
You visited 1 branch of the dungeon, and saw 2 of its levels.
You also visited: Sewer.

You collected 102 gold pieces.

Inventory:

Hand Weapons
 a - a +0 falchion (weapon)
Armour
 b - a +0 leather armour (worn)
 h - a +0 helmet (worn)
Wands
 g - a wand of digging (3)
Scrolls
 c - a scroll of fog
 d - a scroll of revelation
 e - a scroll of fear
 i - a scroll of poison {unknown}
Potions
 f - 2 potions of haste


   Skills:
 + Level 4.6 Fighting
 - Level 1.7 Long Blades
 - Level 2.1 Dodging
 - Level 4.1 Stealth
 + Level 2.3 Spellcasting
 + Level 2.3 Conjurations
 + Level 2.3 Hexes
   Level 0.0 Charms
 + Level 2.3 Summonings
 + Level 2.3 Necromancy
 + Level 2.3 Translocations
 + Level 2.3 Transmutations
 + Level 2.3 Fire Magic
 + Level 2.3 Ice Magic
 + Level 2.3 Air Magic
 + Level 2.3 Earth Magic
 + Level 2.3 Poison Magic


You knew the following spells:

 Your Spells              Type           Power      Damage    Failure   Level
a - Necrotise             Necr           28%        1d5       12%         1
b - Passwall              Tmut/Erth      5%         N/A       19%         2
Your spell library was empty.

Dungeon Overview and Level Annotations

Branches:
Dungeon (5/15)              Sewer (visited)
 Temple: D:4-7

Altars:


Innate Abilities, Weirdness & Mutations

You are immune to sickness and miasma.
You are immune to poison.
Your flesh is very heat resistant. (rF++)
You are vulnerable to cold. (rC-)
You float through the air rather than walking.
You learn spells naturally, not from books.
Your magical power is your life essence.
You have superior vitality. (+4 MHP)


Message History

You closely miss the scorpion.
The scorpion is lightly wounded.
The scorpion stings you.
You closely miss the scorpion.
The scorpion is lightly wounded.
The scorpion stings you. The scorpion closely misses you.
You closely miss the scorpion.
The scorpion is lightly wounded.
The scorpion stings you.
You barely miss the scorpion.
The scorpion is lightly wounded.
The scorpion stings you but does no damage. x2
You barely miss the scorpion.
The scorpion is lightly wounded.
The scorpion barely misses you.
You hit the scorpion.
The scorpion is lightly wounded.
The scorpion stings you. The scorpion barely misses you.
You hit the scorpion.
The scorpion is moderately wounded.
The scorpion stings you.
You barely miss the scorpion.
The scorpion is moderately wounded.
The scorpion stings you.
* * * LOW HITPOINT WARNING * * *
You hit the scorpion.
The scorpion is heavily wounded.
The scorpion stings you.
* * * LOW HITPOINT WARNING * * *
The scorpion misses you.
You closely miss the scorpion.
The scorpion is heavily wounded.
The scorpion stings you.
* * * LOW HITPOINT WARNING * * *
You barely miss the scorpion.
The scorpion is heavily wounded.
The scorpion stings you.
* * * LOW HITPOINT WARNING * * *
The scorpion stings you.
You die...

....#...# #...##.###...
....##.>## #.......#..#.
.........# #....#.......
..#......#########.....#......
.......................#......
...........#.#......##.......
.###.....###.#.........#.~## #
####...#............#~..###
##.......@s.........~~~##o
###.......#...........#.≈#≈~
#.....##.##...........#~≈#≈o
#....####...........#.#.≈#≈.
#...####>...........#.#.≈#≈.
###..###....#..........#.≈#≈.
#.....##..###...##....[#.≈#≈.
##..####### ##...##....#.o..~
### ##.>.#....##...#


You could see a scorpion.

Vanquished Creatures
  A water moccasin (Sewer)
  An orc wizard (D:5)
  A worm (D:4)
  An orc (D:5)
  A ball python (D:4)
  8 bats (Sewer)
  2 giant cockroaches (D:5)
  2 quokkas (D:5)
17 creatures vanquished.

Notes
Turn   | Place    | Note
-------+----------+-------------------------------------------
     0 | D:5      | cforsyth the Djinni Delver began the quest for the Orb.
     0 | D:5      | Reached XP level 1. HP: 20/20 MP: 0/0
   107 | D:4      | Reached XP level 2. HP: 18/25 MP: 0/0
   169 | D:5      | Found a glowing drain.
   224 | Sewer    | Entered a sewer
   235 | Sewer    | Reached skill level 1 in Spellcasting
   235 | Sewer    | Reached skill level 1 in Conjurations
   235 | Sewer    | Reached skill level 1 in Hexes
   235 | Sewer    | Reached skill level 1 in Summonings
   235 | Sewer    | Reached skill level 1 in Necromancy
   235 | Sewer    | Reached skill level 1 in Translocations
   235 | Sewer    | Reached skill level 1 in Transmutations
   235 | Sewer    | Reached skill level 1 in Fire Magic
   235 | Sewer    | Reached skill level 1 in Ice Magic
   235 | Sewer    | Reached skill level 1 in Air Magic
   235 | Sewer    | Reached skill level 1 in Earth Magic
   235 | Sewer    | Reached skill level 1 in Poison Magic
   261 | Sewer    | Reached XP level 3. HP: 30/30 MP: 0/0
   261 | Sewer    | Learned a level 1 spell: Necrotise
   264 | Sewer    | Noticed a water moccasin
   279 | Sewer    | Killed a water moccasin
   280 | Sewer    | Reached XP level 4. HP: 31/38 MP: 0/0
   280 | Sewer    | Reached XP level 5. HP: 35/42 MP: 0/0
   280 | Sewer    | Learned a level 2 spell: Passwall
   537 | D:5      | Slain by a scorpion

Illustrated notes

Levels and vault maps discovered:
D:4:      layout_basic, mainiacjoe_overflow_24_doors, serial_glass,
          glass_columns_a, glass_columns_a, uniq_blork_the_orc
D:5:      layout_cave_pools, nicolae_sif_muna_condensation,
          nicolae_tso_carved_into_rock,
          mainiacjoe_overflow_concentric_impassable,
          nicolae_wu_jian_immortal_techniques, gup_sewer_entry_pipe,
          uniq_grinder

Skill      XL: |  1  2  3 |
---------------+----------+-----
Spellcasting   | 1 2 |  2.3
Conjurations   | 1 2 |  2.3
Hexes          | 1 2 |  2.3
Summonings     | 1 2 |  2.3
Necromancy     | 1 2 |  2.3
Translocations | 1 2 |  2.3
Transmutations | 1 2 |  2.3
Fire Magic     | 1 2 |  2.3
Ice Magic      | 1 2 |  2.3
Air Magic      | 1 2 |  2.3
Earth Magic    | 1 2 |  2.3
Poison Magic   | 1 2 |  2.3
Fighting       | 4 |  4.6
Long Blades    | |  1.7
Dodging        | |  2.1
Stealth        | |  4.1

Action                     |  1- 3 |  4- 6 || total
---------------------------+-------+-------++-------
  Melee: Falchion          |    39 |    26 ||    65
         Punch             |     2 |       ||     2
  Evoke: Wand              |     2 |       ||     2
    Use: Potion            |     1 |       ||     1
   Stab: Sleeping          |     3 |       ||     3
 Armour: Leather armour    |    35 |    26 ||    61
  Dodge: Dodged            |    59 |    12 ||    71

Table legend: (Time is in decaauts)
 A = Elapsed time spent in this place.
 B = Non-inter-level travel time spent in this place.
 C = Inter-level travel time spent in this place.
 D = Time resting spent in this place.
 E = Time spent auto-exploring this place.
 F = Levels seen in this place.
 G = Mean time per level.
                   A        B        C        D        E       F      G
               +--------+--------+--------+--------+--------+-----+--------+
         Total |    552 |    552 |      0 |     94 |     58 |   3 |  184.0 |
       Dungeon |    448 |    448 |      0 |     94 |     37 |   2 |  224.0 |
         Sewer |    104 |    104 |      0 |      0 |     21 |   1 |  104.0 |
               +--------+--------+--------+--------+--------+-----+--------+

Top non-repeatable levels by time:
     D:5: 375 daAuts
   Sewer: 104 daAuts
     D:4: 72 daAuts
